 Dungeon Crawl Stone Soup version 0.30-b1-2-g02819fbbbe (webtiles) character file.

Game seed: 10254173943165695144

70 Alarkh the Ruffian (level 4, 36/36 HPs)
             Began as a Demonspawn Chaos Knight on May 21, 2023.
             Was a Plaything of Xom.
             Got out of the dungeon alive.
             The game lasted 00:02:02 (1785 turns).

Alarkh the Ruffian (Demonspawn Chaos Knight)        Turns: 1785, Time: 00:02:03

Health: 36/36      AC:  6    Str: 13    XL:     4   Next: 4%
Magic:  4/4        EV: 11    Int: 15    God:    Xom [.....*]
Gold:   77         SH:  0    Dex: 12    Spells: 3/3 levels left

rFire   . .          .
                       - Unarmed
rCold   . . .        (no shield)
rNeg    . . .        a - +2 leather armour
rPois   .            (no helmet)
rElec   .            (no cloak)
rCorr   .            (no gloves)
SInv    .            (no boots)
Will    .....        (no amulet)
Stlth   +            (no ring)
HPRegen 0.26/turn    (no ring)
MPRegen 0.09/turn

%: no passive effects
@: no status effects
A: rugged brown scales 1, ignite blood 1
a: Renounce Religion


You escaped.
You worshipped Xom.
You were Xom's teddy bear.
You visited 1 branch of the dungeon, and saw 3 of its levels.

You collected 143 gold pieces.
You spent 66 gold pieces at shops.

Inventory:

Armour
 a - a +2 leather armour (worn)
Wands
 h - a wand of light (4)
Scrolls
 c - a scroll of identify {unknown}
 e - a scroll of teleportation
 f - a scroll of noise {unknown}
 j - a scroll of fog {unknown}
Potions
 d - a potion of might {unknown}
 g - a potion of brilliance {unknown}
 i - 3 potions of curing
Miscellaneous
 b - a piece from Xom's chessboard (10/15) (quivered)


   Skills:
 - Level 3.0 Fighting
 - Level 1.7 Armour
 - Level 0.8 Dodging
 + Level 4.5 Unarmed Combat


You had 3 spell levels left.
You didn't know any spells.
Your spell library contained the following spells:

 Spells                   Type           Power      Damage    Failure   Level
 Slow                     Hex            0%         N/A       34%         1
 Confusing Touch          Hex            0%         N/A       71%         3
 Vampiric Draining        Necr           0%         2d6       71%         3


Dungeon Overview and Level Annotations

Branches:
Dungeon (3/15)

Altars:
Xom

Shops:
D:2 :!


Innate Abilities, Weirdness & Mutations

You are partially covered in rugged brown scales. (AC +1, +3% HP)
Your demonic aura sometimes causes spilled blood to erupt in flames.


Message History

No target in view!
No target in view!
No target in view!
No target in view!
No target in view!
No target in view!
No target in view!
No target in view!
No target in view!
(D) Dungeon
Where to? (Enter - D:3, ? - help)
What level of the Dungeon? (default 1, ? - help)
Found a scroll labelled DIDUGA GOURO.
An endoplasm comes into view.
The endoplasm quivers.
You hit the endoplasm.
The endoplasm is almost dead.
The endoplasm freezes you.
You are frozen.
You hit the endoplasm.
You kill the endoplasm!
No target in view!
No target in view!
No target in view!
No target in view!
No target in view!
(D) Dungeon
Where to? (Enter - D:1, ? - help)
There is a stone staircase leading up here.
You climb upwards.
There is a stone staircase leading down here.
HP restored.
There is a stone staircase leading up here.
You climb upwards.
There is a stone staircase leading down here.
Unknown command.
You see here 7 stones.
There is a staircase leading out of the dungeon here.
Are you sure you want to leave the Dungeon?
This will make you lose the game!
You have escaped!

..##..#.# #...#....##.......###.
#.##..#.# ##.#######.........#..
......#.####..##(..##....♣....##.
..###.#....###....#...........###
##.........# #########.......##
#.####..######...######...### #.#
#..# ##.......## ###.#### #.#
##..# #.........# ###...###
##)###...###....@....####.......#
..#.>..#.#.#..........##.........
##.###....###.......##......♣....
............###...######.........
##.###..#.##.############.......#
#.# #..##.#..........#####...###
#.# #..###.)...#####.##>######..
#.# #..####.#..# #.##.#####..#
##.###..........#####.##........#


There were no monsters in sight!

Vanquished Creatures
  3 adders
  4 worms
  3 endoplasms
  3 giant cockroaches
  4 goblins (D:1)
  4 hobgoblins
  3 jackals (D:1)
  A quokka (D:1)
  2 ball pythons (D:1)
  A frilled lizard (D:1)
  4 rats
32 creatures vanquished.

Notes
Turn   | Place    | Note
-------+----------+-------------------------------------------
     0 | D:1      | Alarkh the Demonspawn Chaos Knight began the quest for the
                  | Orb.
     0 | D:1      | Reached XP level 1. HP: 18/18 MP: 1/1
   125 | D:1      | Reached skill level 3 in Unarmed Combat
   223 | D:1      | Gained mutation: You are partially covered in rugged brown
                  | scales. (AC +1, +3% HP) [demonic ancestry]
   223 | D:1      | Reached XP level 2. HP: 14/24 MP: 2/2
   283 | D:1      | XOM: divination: magic mapping
   468 | D:1      | XOM is BORED!
   468 | D:1      | XOM: silly message
   852 | D:1      | XOM: god gift: wand of light (4)
   856 | D:2      | XOM: noise
   880 | D:2      | XOM: scenery: create altars
  1003 | D:2      | XOM: scenery: 1 doors close
  1007 | D:2      | Reached skill level 4 in Unarmed Combat
  1007 | D:2      | Reached XP level 3. HP: 26/29 MP: 3/3
  1036 | D:2      | Found Lipryh's Book Boutique.
  1181 | D:2      | Found Ketukhithaj's Distillery.
  1201 | D:2      | XOM is BORED!
  1201 | D:2      | XOM: summons 2 hostile demons
  1207 | D:2      | XOM: smoke on damage
  1285 | D:2      | Bought 2 potions of curing for 66 gold pieces
  1670 | D:3      | Gained mutation: Your demonic aura sometimes causes spilled
                  | blood to erupt in flames. [demonic ancestry]
  1670 | D:3      | Reached XP level 4. HP: 33/36 MP: 4/4
  1785 | D:$      | Got out of the dungeon alive.

Illustrated notes

Levels and vault maps discovered:
D:1:      dpeg_arrival_three_same_balls, layout_loops_ring
D:2:      layout_basic, serial_shops, nicolae_shop_tiny_glass, shop,
          kennysheep_nondescript, minivault_5
D:3:      layout_loops_cross, ebering_ghost_sewer_f, basic_ecumenical_altar,
          grunt_decor_mini_mirrors, uniq_sigmund, uniq_terence

Skill      XL: |  1  2 |
---------------+-------+-----
Unarmed Combat | 3 4 |  4.5
Fighting       | |  3.0
Armour         | |  1.7
Dodging        | |  0.8

Action                     |  1- 3 |  4- 6 || total
---------------------------+-------+-------++-------
  Melee: Unarmed           |   170 |     7 ||   177
         Punch             |     3 |       ||     3
  Evoke: Piece from Xom's  |     6 |       ||     6
    Use: Potion            |     1 |       ||     1
         Scroll            |     1 |       ||     1
   Stab: Petrified         |     3 |       ||     3
 Armour: Leather armour    |    55 |     1 ||    56
  Dodge: Dodged            |    83 |     3 ||    86
